[Event "USA Championship 2024"]
[Site "Saint Louis"]
[Date "2024.10.19"]
[Round "8.1"]
[White "Liang, Awonder"]
[Black "Sevian, Samuel"]
[Result "1/2-1/2"]
[ECO "C01"]
[WhiteElo "2677"]
[BlackElo "2689"]
[Annotator "TA"]
[PlyCount "54"]
[EventDate "2024.10.09"]
[EventType "tourn"]
[EventCountry "USA"]
[SourceTitle "playchess.com"]
[Source "ChessBase"]
[SourceQuality "1"]
[TimeControl "40/5400+30:1800+30"]

1. e4 e6 2. d4 d5 3. exd5 exd5 4. Nf3 Nf6 5. Bd3 Bd6 6. O-O O-O 7. Re1 Bg4 8. Bg5 Nbd7 9. Nbd2 c6 10. c3 Qc7 11. Qc2 Rfe8 12. h3 Bh5 13. Rxe8+ Rxe8 {[%emt 0:00:05] The position is equal.} 14. Re1 Rxe1+ 15. Nxe1 a5 16. a4 Bg6 17. Nef3 Kf8 18. Nh4 Bxd3 19. Qxd3 Bf4 20. Bxf4 Qxf4 21. g3 Qd6 22. Kg2 g6 23. Nhf3 Nb6 24. Qc2 Nbd7 25. Qd3 Nb6 26. Qc2 Nbd7 27. Qd3 Nb6 {[%emt 0:00:17] Not much happened in this game.   Weighted Error Value: White=0.03 (flawless) /Black=0.03 (flawless) .  OK:         	White=1     	Black=6} 1/2-1/2

[Event "USA Championship 2024"]
[Site "Saint Louis"]
[Date "2024.10.19"]
[Round "8.2"]
[White "So, Wesley"]
[Black "Caruana, Fabiano"]
[Result "1/2-1/2"]
[ECO "D38"]
[WhiteElo "2751"]
[BlackElo "2796"]
[Annotator "TA"]
[PlyCount "148"]
[EventDate "2024.10.09"]
[EventType "tourn"]
[EventCountry "USA"]
[SourceTitle "playchess.com"]
[Source "ChessBase"]
[SourceQuality "1"]
[TimeControl "40/5400+30:1800+30"]

1. d4 Nf6 2. Nf3 e6 3. c4 d5 4. Nc3 Bb4 5. Qb3 c5 6. dxc5 Nc6 $1 {[%emt 0:00:37] 6...Nc6 is better than 6...Na6. D38: Queen's Gambit Declined: Ragozin Defence (4 Nf3 Bb4).} 7. Bg5 Qa5 8. Bxf6 dxc4 9. Qxc4 gxf6 10. Rc1 Qxc5 11. Qh4 Bxc3+ 12. Rxc3 Qb4 13. Qxb4 Nxb4 14. a3 Nd5 15. Rc2 Bd7 16. e4 $146 ({Predecessor:} 16. e3 Ke7 17. Bc4 Nb6 18. Bb3 Rac8 19. Rxc8 Rxc8 20. Kd2 Rg8 21. Rg1 Bc6 22. Ne1 {0-1 Petrovic,A (2230)-Lashkin,J (2399) Titled Tuesday intern op 12th Jul Early blitz 2022 (1)}) 16... Nb6 17. Bd3 Ke7 18. Ke2 Rac8 19. Rhc1 e5 20. Nd2 Rxc2 21. Rxc2 Rc8 22. Rxc8 Bxc8 23. Ke3 Be6 24. f4 exf4+ 25. Kxf4 Nd7 26. Nf3 Kd6 27. Bb5 Nf8 28. e5+ fxe5+ 29. Nxe5 f6 30. Nf3 Ng6+ 31. Ke3 Ne5 32. Nd2 Bd5 33. g3 h6 34. b4 b6 35. Be2 Ke6 36. Kf4 Ke7 37. Ke3 Ke6 38. Kf4 Ke7 39. Kf5 Be6+ 40. Ke4 Kd6 41. Kf4 Bd5 42. Ne4+ Ke6 43. Nc3 Bc4 44. Bd1 f5 45. Ke3 Ba6 46. a4 Bf1 47. h4 Nc6 48. b5 Ne5 49. Kd4 a6 50. Nd5 axb5 51. axb5 Kd6 52. Ne3 Bd3 53. Bh5 Be4 54. Be2 Bb1 55. Nd5 Nd7 56. Bf1 Be4 57. Ne3 Ne5 $1 58. Be2 Bb1 59. h5 Nd7 60. Nc4+ Ke7 61. Bf3 Ba2 $1 62. Ne3 Be6 63. Bd5 Nc5 64. Nc4 Nd7 65. Ne5 Nxe5 66. Kxe5 Bd7 67. Bc6 Be6 68. Bd5 $1 Bd7 69. Bc4 Be8 70. Be2 Bd7 71. Bf1 Be6 72. Be2 $1 Bd7 73. Bf1 Be6 74. Be2 Bd7 1/2-1/2

[Event "USA Championship 2024"]
[Site "Saint Louis"]
[Date "2024.10.19"]
[Round "8.3"]
[White "Dominguez Perez, Leinier"]
[Black "Oparin, Grigoriy"]
[Result "1/2-1/2"]
[ECO "C54"]
[WhiteElo "2741"]
[BlackElo "2662"]
[Annotator "TA"]
[PlyCount "129"]
[EventDate "2024.10.09"]
[EventType "tourn"]
[EventCountry "USA"]
[SourceTitle "playchess.com"]
[Source "ChessBase"]
[SourceQuality "1"]
[TimeControl "40/5400+30:1800+30"]

1. e4 e5 2. Nf3 Nc6 3. Bc4 Bc5 4. d3 Nf6 5. O-O d6 6. c3 a5 7. Re1 h6 8. Nbd2 O-O 9. h3 Bd7 10. Nf1 a4 11. d4 Bb6 12. Ng3 Re8 13. Bf1 Ba5 14. dxe5 (14. Qxa4 $2 {geht unter.} Bxc3 $19) 14... Nxe5 15. Be3 b5 16. Nxe5 dxe5 17. Qf3 Rb8 18. Rad1 Qe7 19. a3 Be6 (19... c5 $5) 20. Nf5 Bxf5 {[%emt 0:00:05] Die Stellung ist ausgeglichen.} 21. Qxf5 c6 22. Rd3 g6 23. Qf3 Kg7 24. Red1 Red8 {[%emt 0:00:49] Lässt Rd6 nicht zu} 25. g3 Rxd3 26. Bxd3 Bb6 27. Bc1 Rd8 28. Kg2 Ne8 29. h4 Qe6 30. Qe2 Nd6 31. Bc2 h5 32. Bg5 Rd7 33. Rd3 Ne8 34. Rxd7 Qxd7 35. b3 axb3 36. Bxb3 Bd8 37. Bc1 Nf6 38. f3 Bb6 {[%emt 0:00:34] Verhindert Qe3.} 39. Qd2 Qxd2+ 40. Bxd2 $11 {[%emt 0:00:01][%mdl 4096] Endspiel. KBB-KBN} Ne8 41. c4 Bc5 42. cxb5 cxb5 43. Bc1 Nd6 44. Kf1 Nc4 45. Bxc4 bxc4 {[%emt 0:00:41] KB-KB} 46. Ke2 {[%emt 0:01:34] Droht a4 und aus.} Kf6 47. a4 Ke6 48. a5 {[%emt 0:00:51] [#] Droht stark Be3.} Kd7 49. Be3 Bb4 50. a6 {[%emt 0:02:24] Droht Matt per a7.} Kc6 51. f4 exf4 52. gxf4 Be7 53. Bf2 (53. a7 $5 Kb7 $8 54. Bf2 $11) 53... Bd6 54. f5 gxf5 55. exf5 Be7 56. Kf3 (56. a7 $5 Kb7 $8 57. Kd2 $11) 56... Bf6 57. Ke4 (57. a7 $5 Kb7 $8 58. Ke2 $11) 57... Kc7 58. Kf3 (58. a7 $5 Kb7 $8 59. Kf3 $11) 58... Kc6 59. Ke2 Be7 60. Kd2 {[%emt 0:00:15] [#] Kc3 wäre nun fies.} (60. a7 $5 Kb7 $8 61. Kf3 $11) 60... Bf6 61. Kc2 Kc7 62. Kd2 (62. a7 $5 Kb7 $8 63. Kd2 $11) 62... Kc6 63. Kc2 Kc7 64. Kd2 (64. a7 $5 Kb7 $8 65. Kc1 $11) 64... Kc6 65. Kc2 {[%emt 0:00:55] Eine ausgeglichene aber spannende Partie.   Gewichteter Fehlerwert: Weiß=0.03 (makellos) /Schwarz=0.03 (makellos) .  Ungenau:       	Weiß=1     	Schwarz=1     OK:         	Weiß=29    	Schwarz=28    Bester:       	---       	Schwarz=1} 1/2-1/2

[Event "USA Championship 2024"]
[Site "Saint Louis"]
[Date "2024.10.19"]
[Round "8.4"]
[White "Niemann, Hans Moke"]
[Black "Mishra, Abhimanyu"]
[Result "1-0"]
[ECO "C54"]
[WhiteElo "2733"]
[BlackElo "2630"]
[Annotator "RC"]
[PlyCount "145"]
[EventDate "2024.10.09"]
[EventType "tourn"]
[EventCountry "USA"]
[SourceTitle "playchess.com"]
[Source "ChessBase"]
[SourceQuality "1"]
[TimeControl "40/5400+30:1800+30"]

1. e4 e5 2. Nf3 Nc6 3. Bc4 Bc5 4. O-O Nf6 5. d3 d6 6. c3 O-O 7. Re1 Bb6 8. h3 h6 9. Nbd2 Ne7 10. Bb3 c6 11. d4 Ng6 12. Nc4 Bc7 13. dxe5 dxe5 14. Qxd8 Rxd8 15. a4 a5 16. Na3 Rb8 17. Bc4 Bd7 18. Bf1 Be6 19. Nc4 Ra8 20. g3 b5 21. Na3 bxa4 22. Nc4 Nd7 23. Be3 Bxc4 24. Bxc4 Bb6 25. Bc1 Nc5 26. h4 Nd3 27. Bxd3 Rxd3 28. Kg2 Bc7 29. Nd2 Rb8 30. Nc4 Nf8 31. Rxa4 Rb5 32. Be3 Ne6 33. Rea1 Rd8 34. h5 Rdb8 35. Kf3 Kf8 36. R1a2 Ke7 37. Ke2 Nc5 38. Bxc5+ Rxc5 39. Kd3 Kf6 40. Kc2 Kg5 41. Nxa5 Bxa5 42. Rxa5 Rxa5 43. Rxa5 Kxh5 44. Rxe5+ Kg4 45. Rf5 f6 46. b4 Rd8 47. c4 h5 48. Kc3 Rd6 49. c5 Re6 50. Kd4 g5 51. Ke3 h4 52. gxh4 gxh4 53. Rf4+ Kg5 54. Kf3 Re8 55. Rg4+ Kh5 56. Rg7 h3 57. Rg3 h2 58. Rh3+ Kg6 59. Rxh2 Rb8 60. Kg4 Rxb4 61. f3 f5+ 62. Kf4 Rc4 63. Ke5 fxe4 64. fxe4 Rxc5+ 65. Kd6 Ra5 66. e5 c5 67. e6 c4 68. Rg2+ Kf5 69. e7 Ra6+ 70. Kd5 Ra5+ 71. Kd4 Ra8 72. Rf2+ Ke6 73. Rf8 1-0

[Event "USA Championship 2024"]
[Site "Saint Louis"]
[Date "2024.10.19"]
[Round "8.5"]
[White "Aronian, Levon"]
[Black "Robson, Ray"]
[Result "1/2-1/2"]
[ECO "B50"]
[WhiteElo "2738"]
[BlackElo "2693"]
[Annotator "TA"]
[PlyCount "120"]
[EventDate "2024.10.09"]
[EventType "tourn"]
[EventCountry "USA"]
[SourceTitle "playchess.com"]
[Source "ChessBase"]
[SourceQuality "1"]
[TimeControl "40/5400+30:1800+30"]

1. e4 c5 2. Nc3 d6 3. Nge2 Nf6 4. g3 g6 5. d4 cxd4 6. Nxd4 Bg7 7. Bg2 O-O 8. h3 Nc6 9. Be3 Bd7 10. O-O Qc8 11. Nxc6 bxc6 12. Kh2 Rb8 13. Rb1 c5 14. Re1 Re8 15. Qd2 Bc6 16. Nd5 Bxd5 17. exd5 Qa6 18. a3 Rb7 19. b4 Reb8 20. Rb3 cxb4 21. axb4 Qc4 22. Kg1 Rc8 {[%emt 0:05:31] The position is equal.} (22... Rxb4 $2 {too greedy.} 23. Bf1 Qe4 24. Bxa7 (24. f3 Rxb3 25. fxe4 Nxe4 $18) 24... Rxb3 25. Rxe4 (25. cxb3 Qb4 $11) 25... Nxe4 26. Qf4 $18) 23. Re2 Ne4 24. Bxe4 Qxe4 25. Bg5 Qd4 26. Qxd4 (26. Bxe7 $2 {loses.} Qxd2 27. Rxd2 Rxe7 $19) 26... Bxd4 27. Bxe7 Re8 28. Rd2 $1 Bxf2+ 29. Kxf2 Rexe7 $11 {[%emt 0:00:23][%mdl 4096] Endgame. KRR-KRR} 30. c4 Re4 31. Rc2 a6 32. b5 {[%emt 0:03:57] next b6 is good for White.} axb5 33. cxb5 Rd4 34. b6 {[%emt 0:00:25] [#] aiming for Rc7.} Kg7 $1 35. Rb5 Kf6 36. Ke3 Ke5 37. Rc8 Rd1 38. g4 Rh1 39. Re8+ Kf6 {[%emt 0:00:01] [#] ...Re1+ would now be deadly.} 40. Kf4 Rxh3 41. g5+ Kg7 42. Rd8 h5 {[%emt 0:00:00] ...Re7 is the strong threat.} 43. gxh6+ Rxh6 44. Kg3 g5 45. Rc8 Rh8 46. Rxh8 Kxh8 {[%emt 0:00:02] KR-KR} 47. Kg4 Kg7 {[%emt 0:00:29] And now ...Kg6 would win.} 48. Kxg5 Kf8 49. Kf5 {[%emt 0:00:00] Strongly threatening Ke4.} Ke8 50. Ke4 Kd8 51. Kd4 Kc8 52. Rb1 {[%emt 0:00:00] Hoping for Kc4.} Rb8 53. Rc1+ Kb7 54. Rc6 Rd8 55. Ke4 Re8+ $1 56. Kf4 Re5 57. Rxd6 f6 58. Rxf6 Rxd5 59. Rf5 Rxf5+ 60. Kxf5 Kxb6 {[%emt 0:00:07] An even fight not without its subleties.   Weighted Error Value: White=0.03 (flawless) /Black=0.02 (flawless) .  Inaccurate:     	White=1     	Black=1      OK:         	White=18    	Black=27     Best:        	White=1     	Black=5      Strong:       	White=1     	Black=2} 1/2-1/2